 Dungeon Crawl Stone Soup version 0.26-a0-966-gd078a86f14 (webtiles) character file.

Game seed: 5374586039683569118

31 KristoblXynda the Ducker (level 3, -1/19 HPs)
             Began as a Spriggan Berserker on Dec 3, 2020.
             Was a Follower of Trog.
             Slain by an adder (3 damage)
             ... on level 1 of the Dungeon.
             The game lasted 00:01:14 (944 turns).

KristoblXynda the Ducker (Spriggan Berserker)        Turns: 944, Time: 00:01:15

Health: -1/19      AC:  2    Str: 13    XL:     3   Next: 7%
Magic:  4/4        EV: 20    Int:  8    God:    Trog [*.....]
Gold:   46         SH:  0    Dex: 16    Spells: 2/2 levels left

rFire    . . .     SeeInvis +   a - +0 short sword
rCold    . . .     Faith    .   (shield restricted)
rNeg     . . .     Spirit   .   b - +0 animal skin
rPois    .         Reflect  .   (helmet restricted)
rElec    .         Harm     .   (no cloak)
rCorr    .         Rampage  .   (gloves unavailable)
MR       .....                  (boots unavailable)
Stlth    ++........             f - amulet of regeneration
HPRegen  0.46/turn              (no ring)
MPRegen  0.09/turn              (no ring)

@: brilliant, berserk cooldown, slowed, quick
A: very small, unfitting armour, see invisible, speed 3
a: Berserk, Renounce Religion


You were on level 1 of the Dungeon.
You worshipped Trog.
Trog was aware of your devotion.
You visited 1 branch of the dungeon, and saw 2 of its levels.

You collected 46 gold pieces.

Inventory:

Hand Weapons
 a - a +0 short sword (weapon)
Armour
 b - a +0 animal skin (worn)
Jewellery
 f - an amulet of regeneration (around neck)
Scrolls
 c - 2 scrolls of teleportation {unknown}
 d - a scroll of identify {unknown}
 e - a scroll of magic mapping {unknown}
 h - a scroll of immolation {unknown}
 i - a scroll of random uselessness {unknown}
 j - a scroll of remove curse {unknown}


   Skills:
 + Level 2.7 Fighting
 + Level 3.7 Short Blades
 + Level 4.9 Dodging
 + Level 2.0 Stealth


You had 2 spell levels left.
You didn't know any spells.
Your spell library was empty.

Dungeon Overview and Level Annotations

Branches:
Dungeon (2/15)

Altars:


Innate Abilities, Weirdness & Mutations

You are very small and have problems with some larger weapons.
You are too small for most types of armour.
You have supernaturally acute eyesight. (SInv)
You cover ground extremely quickly.


Message History

The adder barely misses you. The adder bites you.
You climb upwards.
There is a stone staircase leading down here.
You closely miss the adder.
The adder is heavily wounded.
The adder bites you. The adder closely misses you.
You hit the adder but do no damage.
The adder is heavily wounded.
The adder bites you.
* * * LOW HITPOINT WARNING * * *
The adder bites you.
* * * LOW HITPOINT WARNING * * *
You miss the adder.
The adder is heavily wounded.
The adder barely misses you. x2
Unknown command.
It was a potion of brilliance.
You feel clever all of a sudden. The adder misses you. The adder bites you.
You die...

#########
#.......#############
#^......'............
#.......#############
#.......# #########
#.......#####........
#..S@.......+........
#..........##........
#..........##........
####.########........
#รท# #.# #........
##.###.# #...)....
#......####........
#..###.#........###
#......#........#


You could see an adder.

Vanquished Creatures
  An adder (D:2)
  A dart slug (D:1)
  A leopard gecko (D:1)
  A giant cockroach (D:1)
  3 goblins
  4 hobgoblins (D:1)
  A bat (D:1)
  2 frilled lizards
  3 kobolds (D:1)
  2 rats
19 creatures vanquished.

Notes
Turn   | Place    | Note
-------+----------+-------------------------------------------
     0 | D:1      | KristoblXynda the Spriggan Berserker began the quest for
                  | the Orb.
     0 | D:1      | Reached XP level 1. HP: 11/11 MP: 2/2
   443 | D:1      | Reached skill level 1 in Stealth
   454 | D:1      | Reached XP level 2. HP: 12/16 MP: 3/3
   915 | D:2      | Reached XP level 3. HP: 19/19 MP: 4/4
   944 | D:1      | Slain by an adder

Illustrated notes

Levels and vault maps discovered:
D:1:      minmay_arrival_stair_chambers, layout_basic
D:2:      layout_rooms, lemuel_round_altar, minmay_rat_gold_closets,
          uniq_crazy_yiuf_cottage

Skill      XL: |  1  2 |
---------------+-------+-----
Stealth        | 1 2 |  2.0
Fighting       | |  2.7
Short Blades   | |  3.7
Dodging        | |  4.9

Action                   || total
-------------------------++-------
Melee: Short sword       ||    73
Invok: Berserk           ||     2
  Use: Potion            ||     1
 Stab: Sleeping          ||     2
Armor: Animal skin       ||     9
Dodge: Dodged            ||    69

Table legend: (Time is in decaauts)
 A = Elapsed time spent in this place.
 B = Non-inter-level travel time spent in this place.
 C = Inter-level travel time spent in this place.
 D = Time resting spent in this place.
 E = Time spent auto-exploring this place.
 F = Levels seen in this place.
 G = Mean time per level.
                   A        B        C        D        E       F      G
               +--------+--------+--------+--------+--------+-----+--------+
         Total |    810 |    810 |      0 |    328 |    325 |   2 |  405.0 |
       Dungeon |    810 |    810 |      0 |    328 |    325 |   2 |  405.0 |
               +--------+--------+--------+--------+--------+-----+--------+

Top non-repeatable levels by time:
     D:1: 774 daAuts
     D:2: 36 daAuts
